 Dungeon Crawl Stone Soup version 0.31-a0-466-g98c9adc2b6 (webtiles) character file.

Game seed: 14621003688521079975

420 pokeman the Magician (level 6, 0/34 HPs)
             Began as a Deep Elf Hedge Wizard on Aug 5, 2023.
             Succumbed to an orc's poison
             ... on level 5 of the Dungeon.
             The game lasted 00:06:49 (4329 turns).

pokeman the Magician (Deep Elf Hedge Wizard)        Turns: 4329, Time: 00:06:50

Health: 0/34       AC:  5    Str:  7    XL:     6   Next: 62%
Magic:  4/18       EV: 13    Int: 21    God:
Gold:   220        SH:  0    Dex: 14    Spells: 11/19 levels left

rFire   . . .        u - +0 short sword (venom)
rCold   . . .        (no shield)
rNeg    . . .        b - +0 robe
rPois   .            j - +2 hat
rElec   .            (no cloak)
rCorr   .            m - +0 pair of gloves
SInv    .            (no boots)
Will    .....        (no amulet)
Stlth   +            r - ring of flight
HPRegen 0.25/turn    (no ring)
MPRegen 0.16/turn

%: no passive effects
@: confused, lethally poisoned (0 -> -21), flying
A: no striking features
a: no special abilities


You were on level 5 of the Dungeon.
You visited 1 branch of the dungeon, and saw 5 of its levels.

You collected 220 gold pieces.

Inventory:

Hand Weapons
 u - a +0 short sword of venom (weapon)
Missiles
 p - 3 curare-tipped darts
Armour
 b - a +0 robe (worn)
 j - a +2 hat (worn)
 m - a +0 pair of gloves (worn)
Jewellery
 r - a ring of flight (left hand)
Wands
 l - a wand of polymorph (3)
 q - a wand of flame (15)
Scrolls
 c - 5 scrolls of identify {unknown}
 e - 2 scrolls of blinking {unknown}
 f - 2 scrolls of teleportation {unknown}
 g - a scroll of brand weapon {unknown}
 h - a scroll of fog {unknown}
 k - a scroll of fear {unknown}
Potions
 a - 2 potions of mutation {unknown}
 d - 2 potions of magic
 i - a potion of cancellation {unknown}
 n - a potion of lignification {unknown}
 o - 4 potions of haste {unknown}
 s - a potion of resistance {unknown}
 t - a potion of attraction {unknown}
 v - a potion of heal wounds {unknown}


   Skills:
 + Level 1.5 Fighting
 - Level 1.0 Armour
 - Level 3.0 Dodging
 - Level 3.0 Stealth
 * Level 7.3 Spellcasting
 + Level 3.4 Conjurations
 - Level 1.1 Summonings
 - Level 1.1 Translocations
 - Level 1.0 Air Magic
 - Level 1.0 Poison Magic
 - Level 1.1 Evocations


You had 11 spell levels left.
You knew the following spells:

 Your Spells              Type           Power      Damage    Failure   Level
a - Magic Dart            Conj           88%        1d7       1%          1
b - Mephitic Cloud        Conj/Pois/Air  15%        N/A       12%         3
c - Call Imp              Summ           24%        N/A       9%          2
d - Blink                 Tloc           24%        N/A       9%          2

Your spell library contained the following spells:

 Spells                   Type           Power      Damage    Failure   Level
 Slow                     Hex            28%        N/A       9%          1
 Cigotuvi's Dreadful Rot  Necr/Pois/Air  20%        N/A       10%         2
 Vhi's Electric Charge    Tloc/Air       24%        N/A       17%         3
 Arcjolt                  Conj/Air       8%         1d18      67%         5
 Plasma Beam              Fire/Air       4%         2x1d14    100%        6


Dungeon Overview and Level Annotations

Branches:
Dungeon (5/15)
 Temple: D:4-7

Altars:

Shops:
D:4 *


Message History

Confirm with . or Enter, or press ? or * to list all spells.
Aiming: Magic Dart (safe; 1% risk of failure)
Press: ? - help, Shift-Dir - straight line, f/p - orc
Aim: an orc, wielding a +1 short sword of venom and wearing a +0 chain mail (100% to hit)
The magic dart hits the orc.
The orc is moderately wounded.
You feel very sick. The orc hits you but does no damage.
You are lethally poisoned!
Casting: Magic Dart (safe; 1% risk of failure)
Confirm with . or Enter, or press ? or * to list all spells.
Aiming: Magic Dart (safe; 1% risk of failure)
Press: ? - help, Shift-Dir - straight line, f/p - orc
Aim: an orc, wielding a +1 short sword of venom and wearing a +0 chain mail (moderately wounded, 100% to hit)
The magic dart hits the orc.
The orc is heavily wounded.
You feel very sick.
The orc hits you with a +1 short sword of venom.
You are more poisoned.
Casting: Magic Dart (safe; 1% risk of failure)
Confirm with . or Enter, or press ? or * to list all spells.
The spell is quite dangerous to miscast (12% risk of failure)!
Continue anyway?
Aiming: Mephitic Cloud (quite dangerous; 12% risk of failure)
Press: ? - help, Shift-Dir - straight line, f/p - orc
Aim: an orc, wielding a +1 short sword of venom and wearing a +0 chain mail (heavily wounded, chance to affect: 96%) That beam is likely to hit you.
Continue anyway?
The ball explodes into a vile cloud!
The stinking cloud engulfs the orc but does no damage.
The orc is heavily wounded.
The stinking cloud engulfs you but does no damage.
You are engulfed in noxious fumes.
You choke on the stench!
You are confused.
* * * LOW HITPOINT WARNING * * *
You feel very sick.
The orc is engulfed in noxious fumes.
The orc appears confused.
Unknown command.
You're too confused to move!
You are engulfed in noxious fumes.
You choke on the stench!
You are more confused.
You die...

# ###.# #
##.#.#...
#........
#@)# #o○#
.. ##☼#
....
#..##.....
#^........
#....##...
##?...#
#.....#
###.....


You could see an orc (confused).

Vanquished Creatures
  A jelly (D:5)
  Natasha (thrice) (D:3)
  5 iguanas
  Terence (D:2)
  Ijyb (D:3)
  Robin (D:3)
  4 adders
  A worm (D:4)
  A dart slug (D:4)
  4 orcs
  7 ball pythons
  10 endoplasms
  A giant cockroach (D:3)
  13 goblins
  12 hobgoblins
  7 jackals
  A quokka (D:1)
  3 bats
  3 frilled lizards
  4 kobolds
  A rat (D:3)
84 creatures vanquished.

Notes
Turn   | Place    | Note
-------+----------+-------------------------------------------
     0 | D:1      | pokeman the Deep Elf Hedge Wizard began the quest for the
                  | Orb.
     0 | D:1      | Reached XP level 1. HP: 10/10 MP: 7/7
   570 | D:1      | Reached XP level 2. HP: 16/16 MP: 6/9
  1100 | D:2      | Noticed Terence
  1317 | D:2      | Reached skill level 5 in Spellcasting
  1317 | D:2      | Reached XP level 3. HP: 20/20 MP: 4/11
  1321 | D:2      | Learned a level 3 spell: Mephitic Cloud
  1324 | D:2      | Learned a level 2 spell: Call Imp
  1327 | D:2      | Learned a level 2 spell: Blink
  1508 | D:2      | Reached skill level 1 in Fighting
  1508 | D:2      | Reached skill level 1 in Armour
  1916 | D:2      | Killed Terence
  1917 | D:2      | Reached XP level 4. HP: 25/25 MP: 8/13
  2693 | D:3      | Noticed Natasha
  2707 | D:3      | Killed Natasha
  2708 | D:3      | Reached skill level 6 in Spellcasting
  2708 | D:3      | Reached XP level 5. HP: 18/29 MP: 4/15
  2838 | D:3      | Noticed Natasha
  2849 | D:3      | Noticed Robin
  2850 | D:3      | Killed Natasha
  2861 | D:3      | Killed Robin
  3087 | D:3      | Noticed Natasha
  3095 | D:3      | Killed Natasha
  3145 | D:3      | Noticed Ijyb
  3169 | D:3      | Killed Ijyb
  3170 | D:3      | Reached skill level 1 in Evocations
  3400 | D:4      | Reached skill level 1 in Poison Magic
  3400 | D:4      | Reached XP level 6. HP: 30/34 MP: 9/17
  3623 | D:4      | Found Util's Gadget Gallery.
  3822 | D:4      | Reached skill level 1 in Air Magic
  4042 | D:4      | Reached skill level 7 in Spellcasting
  4288 | D:5      | Entered Level 5 of the Dungeon
  4329 | D:5      | Succumbed to an orc's poison

Illustrated notes

Levels and vault maps discovered:
D:1:      scummos_arrival_star, layout_loops_ring, minmay_misc_feat_square
D:2:      layout_basic, uniq_terence
D:3:      layout_rooms, minmay_misc_feat_plants, uniq_robin, uniq_ijyb,
          uniq_natasha
D:4:      layout_gridville, minmay_hedge_maze, nicolae_shop_gadgets
D:5:      layout_cave_pools, minmay_temple_entry_ruins

Skill      XL: |  1  2  3  4  5  6 |
---------------+-------------------+-----
Spellcasting   | 5 6 7 |  7.3
Fighting       | 1 |  1.5
Armour         | 1 |  1.0
Conjurations   | 2 3 |  3.4
Stealth        | 3 |  3.0
Dodging        | 3 |  3.0
Evocations     | 1 |  1.1
Poison Magic   | 1 |  1.0
Air Magic      | 1 |  1.0
Summonings     | |  1.1
Translocations | |  1.1

Action                     |  1- 3 |  4- 6 || total
---------------------------+-------+-------++-------
  Melee: Spear             |     9 |    44 ||    53
         Punch             |       |     2 ||     2
         Short sword       |       |    19 ||    19
   Cast: Magic Dart        |    59 |   118 ||   177
         Mephitic Cloud    |     2 |    12 ||    14
   Stab: Confused          |     2 |     8 ||    10
 Armour: Robe              |       |    37 ||    37
  Dodge: Dodged            |    11 |    68 ||    79

Table legend: (Time is in decaauts)
 A = Elapsed time spent in this place.
 B = Non-inter-level travel time spent in this place.
 C = Inter-level travel time spent in this place.
 D = Time resting spent in this place.
 E = Time spent auto-exploring this place.
 F = Levels seen in this place.
 G = Mean time per level.
                   A        B        C        D        E       F      G
               +--------+--------+--------+--------+--------+-----+--------+
         Total |   4361 |   4250 |    111 |     82 |   3616 |   5 |  872.2 |
       Dungeon |   4361 |   4250 |    111 |     82 |   3616 |   5 |  872.2 |
               +--------+--------+--------+--------+--------+-----+--------+

Top non-repeatable levels by time:
     D:2: 1406 daAuts
     D:3: 1017 daAuts
     D:4: 970 daAuts
     D:1: 926 daAuts
     D:5: 40 daAuts
